 Dungeon Crawl Stone Soup version 0.30-a0-782-ge64f9170bb (webtiles) character file.

Game seed: 5089856126585876302

9549 Leeroy the Spry (level 11, -19/72 HPs)
             Began as a Merfolk Gladiator on Feb 23, 2023.
             Was a Believer of Wu Jian.
             Demolished by a minotaur
             ... wielding the +8 lajatang "Ketet" {venom, *Rage rCorr Str+6 Int+2}
              (24 damage)
             ... in a Gauntlet.
             The game lasted 00:18:45 (12455 turns).

Leeroy the Spry (Merfolk Gladiator)                Turns: 12455, Time: 00:18:46

Health: -19/72     AC: 18    Str: 16    XL:     11   Next: 48%
Magic:  11/11      EV: 23    Int:  7    God:    Wu Jian [**....]
Gold:   352        SH:  0    Dex: 19    Spells: 4/10 levels left

rFire   + . .      SeeInvis .    b - +3 scimitar (flame)
rCold   x . .      Faith    .    (no shield)
rNeg    . . .      Spirit   .    N - +0 acid dragon scales
rPois   .          Reflect  .    c - +0 helmet
rElec   .          Harm     .    U - +0 cloak
rCorr   +          Rampage  .    p - +2 pair of gloves
Will    .....      NoTele   +    R - +2 pair of boots
Stlth   +                        H - amulet of regeneration
HPRegen 1.12/turn                y - ring of fire
MPRegen 0.12/turn                v - +4 ring of protection

@: mighty, lethally poisoned (-19 -> -37), studying 2 skills
A: (nimble swimmer 2), mertail
a: Renounce Religion, Wall Jump


You were in a Gauntlet.
You worshipped Wu Jian.
Wu Jian was pleased with you.
You visited 2 branches of the dungeon, and saw 12 of its levels.
You also visited: Sewer and Gauntlet.

You collected 562 gold pieces.
You spent 210 gold pieces at shops.

Inventory:

Hand Weapons
 a - a +0 long sword
 b - a +3 scimitar of flaming (weapon)
 r - a +2 dagger of freezing
 G - a +0 rapier
 K - a +2 short sword of speed
 L - a +2 long sword of protection
 O - a +0 rapier
 P - a +2 short sword of freezing
Missiles
 d - 2 throwing nets (quivered)
 e - a javelin
 w - 23 poisoned darts
 S - 3 curare-tipped darts
Armour
 c - a +0 helmet (worn)
 l - the +0 pair of boots "Oxzyff" {Will- rCorr Int+5 Stlth+}
   (You found it in a Gauntlet)

   Int:       It affects your intelligence (+5).
   rCorr:     It protects you from acid and corrosion.
   Will:      It decreases your willpower.
   Stlth:     It makes you more stealthy.
 p - a +2 pair of gloves (worn)
 D - a +3 plate armour
 I - a +0 pair of boots
 N - +0 acid dragon scales (worn)
 R - a +2 pair of boots (worn)
 T - a +3 ring mail
 U - a +0 cloak (worn)
 X - the +1 cloak of the Yeti {rN++ Str-4 Int+7}
   (You found it in a Gauntlet)

   Str:       It affects your strength (-4).
   Int:       It affects your intelligence (+7).
   rN:        It greatly protects you from negative energy.
Magical Staves
 o - a staff of conjuration
 Y - a staff of conjuration
Jewellery
 n - a ring of magical power
 t - a ring of flight
 v - a +4 ring of protection (right hand)
 y - a ring of fire (left hand)
 H - an amulet of regeneration (around neck)
Wands
 E - a wand of quicksilver (14)
Scrolls
 f - 2 scrolls of torment
 g - 3 scrolls of fear
 h - 3 scrolls of fog
 j - a scroll of magic mapping
 k - 5 scrolls of teleportation
 m - 3 scrolls of vulnerability
 u - 3 scrolls of amnesia
 J - 2 scrolls of blinking
 Q - a scroll of brand weapon
 V - 3 scrolls of enchant armour {unknown}
Potions
 q - 2 potions of ambrosia {unknown}
 s - a potion of curing {unknown}
 x - 5 potions of might
 z - 2 potions of haste {unknown}
 A - a potion of mutation {unknown}
 B - 2 potions of heal wounds {unknown}
 C - 3 potions of lignification {unknown}
 F - 3 potions of brilliance {unknown}
 M - 2 potions of cancellation {unknown}
 W - a potion of flight {unknown}


   Skills:
 - Level 2.1 Fighting
 - Level 14.0 Long Blades
 - Level 2.1 Throwing
 + Level 18.4 Dodging


You had 4 spell levels left.
You knew the following spells:

 Your Spells              Type           Power      Damage    Failure   Level
a - Blink                 Tloc           0%         N/A       67%         2
b - Passage of Golubria   Tloc           0%         N/A       99%         4

Your spell library contained the following spells:

 Spells                   Type           Power      Damage    Failure   Level
 Inner Flame              Hex/Fire       0%         N/A       88%         3
 Tukima's Dance           Hex            0%         N/A       88%         3
 Cause Fear               Hex            0%         N/A       99%         4
 Leda's Liquefaction      Hex/Erth       0%         N/A       99%         4
 Manifold Assault         Tloc           0%         N/A       99%         4
 Lee's Rapid Deconstruct  Erth           0%         3d4*      100%        5
 Yara's Violent Unravell  Hex/Tmut       0%         3d3       100%        5
 Statue Form              Tmut/Erth      0%         N/A       100%        6
 Dragon Form              Tmut           0%         N/A       100%        7
 Enfeeble                 Hex            0%         N/A       100%        7
 Storm Form               Tmut/Air       0%         N/A       100%        7
 Discord                  Hex            0%         N/A       100%        8
 Dragon's Call            Summ           0%         N/A       100%        9


Dungeon Overview and Level Annotations

Branches:
Dungeon (11/15)            Temple (1/1) D:5            Lair (0/5) D:9
    Orc (0/2) D:9           Sewer (visited)         Gauntlet (1/1)

Altars:
Cheibriados
Dithmenos
Elyvilon
Fedhas
Hepliaklqana
Kikubaaqudgha
Makhleb
Nemelex Xobeh
Okawaru
Ru
Trog
Wu Jian
Yredelemnul
Zin

Shops:
D:3 :   D:6 :   D:7 ((

Annotations:
D:5 2 transporters
D:6 1 runed translucent door, MCDelver's ghost, novice HOFi Gauntlet 8 transporters, 1 runed translucent door


Innate Abilities, Weirdness & Mutations

((You are very nimble when in or above water. (Stealth+, EV+, Speed+++)))
Your lower body shifts to a powerful aquatic tail in water.


Message History

The minotaur is moderately wounded.
The minotaur struggles against the net.
You strike the helpless minotaur from behind!
You hit the minotaur. You burn the minotaur.
The minotaur is heavily wounded.
You catch the helpless minotaur completely off-guard!
You hit the minotaur but do no damage.
The minotaur is heavily wounded.
The minotaur struggles against the net.
You strike the helpless minotaur from behind!
You slice the minotaur!! You burn the minotaur.
The minotaur is almost dead.
The minotaur struggles against the net.
You hit the minotaur but do no damage. You punch the minotaur.
The minotaur is almost dead.
You barely miss the minotaur.
The minotaur furiously retaliates!
The minotaur headbutts you, but does no damage.
The minotaur is almost dead.
The minotaur struggles against the net.
The net rips apart, and the minotaur comes free!
You barely miss the minotaur.
The minotaur is almost dead.
The minotaur hits you with the +8 lajatang "Ketet" {venom, *Rage rCorr Str+6 Int+2}!!
You are poisoned.
The minotaur goes berserk!
The minotaur gores you.
You hit the minotaur but do no damage.
The minotaur is almost dead.
You feel very sick.
The minotaur hits you with the +8 lajatang "Ketet" {venom, *Rage rCorr Str+6 Int+2}!!!
Ouch! That really hurt!
* * * LOW HITPOINT WARNING * * *
You are lethally poisoned!
The minotaur gores you but does no damage.
Okay, then.
You slash the minotaur! You burn the minotaur.
The minotaur is almost dead.
* * * LOW HITPOINT WARNING * * *
You feel very sick.
The minotaur hits you with the +8 lajatang "Ketet" {venom, *Rage rCorr Str+6 Int+2}!!
You die...

##..#b.
##########≈..###
#....##.###..###
#.##.##..##.....
#.##......#..###
##**###.##.##...#..#..
#≈≈~#.#....##.©.#8.#..
#≈≈.#.#.##.##...#..#!.
#≈∩.H@'.##....©.#∩.#z.
#≈≈.#.#.##.##...#..#z.
#≈≈~#.#....##.©.#8.#z.
##**###.##.##...#..#zz
#.##......#..###
#.##.##..##.....
#....##.###..###
##########≈..#..
##..#.#


You could see a minotaur (berserk).

Vanquished Creatures
  A hydra (Gauntlet)
  A torpor snail (Gauntlet)
  An efreet (Gauntlet)
  2 hornets
  A vampire (D:10)
  2 shadows
  2 fire elementals (Gauntlet)
  A wraith (D:8)
  16 yaks
  2 wyverns
  Eustachio (D:4)
  3 wargs (D:9)
  A steam dragon (D:7)
  An acid dragon (D:8)
  2 hell hounds (Gauntlet)
  4 water moccasins
  3 orc warriors
  2 black bears
  4 ice beasts
  5 ogres
  4 centaurs
  2 kobold brigands
  A bullfrog (D:9)
  4 necrophages
  2 scorpions
  3 wights
  4 killer bees (D:8)
  An oklob sapling (D:5)
  An electric eel (D:7)
  2 hounds
  2 orc priests
  Ijyb (D:3)
  4 iguanas
  6 orc wizards
  3 gnolls (D:6)
  2 river rats (Sewer)
  12 adders
  2 worms
  A dart slug (D:1)
  28 orcs
  6 bats
  7 endoplasms
  A giant cockroach (D:1)
  10 goblins
  10 hobgoblins
  6 jackals
  16 kobolds
  6 quokkas
  8 ball pythons
  4 frilled lizards
  11 rats
225 creatures vanquished.

Vanquished Creatures (others)
  A ball python (D:4)
  A quokka (D:4)
  A demonic plant (Gauntlet)
  2 fungi
  24 plants
29 creatures vanquished.

Grand Total: 254 creatures vanquished

Notes
Turn   | Place    | Note
-------+----------+-------------------------------------------
     0 | D:1      | Leeroy the Merfolk Gladiator began the quest for the Orb.
     0 | D:1      | Reached XP level 1. HP: 16/16 MP: 1/1
   224 | D:1      | Reached XP level 2. HP: 22/22 MP: 2/2
   616 | D:1      | Reached skill level 5 in Long Blades
   616 | D:1      | Reached XP level 3. HP: 27/27 MP: 3/3
  1508 | D:3      | Reached XP level 4. HP: 33/33 MP: 4/4
  1543 | D:3      | Found Jellit's Book Shop.
  1633 | D:3      | Found a glowing drain.
  1638 | Sewer    | Entered a sewer
  1728 | Sewer    | Reached XP level 5. HP: 38/38 MP: 5/5
  1978 | Sewer    | Noticed a kobold brigand
  2095 | Sewer    | Killed a kobold brigand
  2096 | Sewer    | Reached XP level 6. HP: 40/44 MP: 6/6
  3048 | D:4      | Noticed Eustachio
  3049 | D:4      | Noticed Ijyb
  3194 | D:3      | Killed Ijyb
  3950 | D:4      | Killed Eustachio
  4078 | D:4      | Noticed a steam dragon
  4115 | D:4      | Reached XP level 7. HP: 49/50 MP: 7/7
  4325 | D:5      | Entered Level 5 of the Dungeon
  4541 | D:5      | Found a transporter.
  4616 | D:5      | Reached skill level 10 in Long Blades
  4707 | D:5      | Found a transporter.
  5095 | D:5      | Reached XP level 8. HP: 56/56 MP: 8/8
  5249 | D:5      | Found a staircase to the Ecumenical Temple.
  5527 | Temple   | Entered the Ecumenical Temple
  5598 | Temple   | Became a worshipper of the Wu Jian Council
  5616 | D:5      | Found a sacrificial altar of Ru.
  5707 | D:6      | Found a runed translucent door.
  5796 | D:6      | Noticed MCDelver's ghost (novice HOFi)
  6078 | D:6      | Found Nejoynor's Book Shoppe.
  6186 | D:6      | Reached XP level 9. HP: 37/61 MP: 9/9
  6561 | D:6      | Found a bloodstained altar of Trog.
  6792 | D:7      | Reached skill level 5 in Dodging
  6847 | D:7      | Reached skill level 6 in Dodging
  6980 | D:7      | Reached * piety under Wu Jian
  6994 | D:6      | Reached skill level 7 in Dodging
  7603 | D:7      | Reached skill level 8 in Dodging
  7634 | D:7      | Found Untug's Antique Weapon Boutique.
  7640 | D:7      | Found Paad's Weapon Shoppe.
  7641 | D:7      | Found Saunufie's Distillery.
  7686 | D:7      | Bought a +2 long sword of protection for 210 gold pieces
  7853 | D:8      | Reached skill level 9 in Dodging
  8574 | D:8      | Reached skill level 10 in Dodging
  8634 | D:8      | Reached XP level 10. HP: 67/67 MP: 10/10
  8731 | D:8      | Reached skill level 11 in Dodging
  9353 | D:8      | Reached skill level 12 in Dodging
  9969 | D:9      | Reached skill level 13 in Dodging
  9982 | D:9      | Reached ** piety under Wu Jian
 10436 | D:9      | Found a staircase to the Lair.
 10446 | D:9      | Found a staircase to the Orcish Mines.
 10477 | D:9      | Reached skill level 14 in Dodging
 10872 | D:9      | Reached skill level 15 in Dodging
 10972 | D:10     | Entered Level 10 of the Dungeon
 11023 | D:10     | Reached XP level 11. HP: 72/72 MP: 11/11
 11079 | D:10     | Reached skill level 16 in Dodging
 11260 | D:10     | Learned a level 2 spell: Blink
 11265 | D:10     | Learned a level 4 spell: Passage of Golubria
 11731 | D:11     | Noticed a boulder beetle
 11757 | D:11     | Found a gate leading to a gauntlet.
 11792 | Gauntlet | Entered a Gauntlet
 11792 | Gauntlet | Found a transporter.
 11792 | Gauntlet | Found a transporter.
 11804 | Gauntlet | Noticed a sixfirhy
 11805 | Gauntlet | Found a transporter.
 11822 | Gauntlet | Found a transporter.
 11823 | Gauntlet | Found a transporter.
 11823 | Gauntlet | Found a transporter.
 11825 | Gauntlet | Found a transporter.
 11826 | Gauntlet | Found a transporter.
 11837 | Gauntlet | Found a transporter.
 11837 | Gauntlet | Noticed a hell hog
 11853 | Gauntlet | Found a transporter.
 11860 | Gauntlet | Noticed a five-headed hydra
 11863 | Gauntlet | Found a transporter.
 11877 | Gauntlet | Found a transporter.
 11897 | Gauntlet | Found a transporter.
 11898 | Gauntlet | Found a runed translucent door.
 11909 | Gauntlet | Found a transporter.
 11932 | Gauntlet | Identified 2 scrolls of acquirement
 11937 | Gauntlet | Acquired a manual of Throwing
 11939 | Gauntlet | Acquired a manual of Dodging
 12027 | Gauntlet | Identified the +0 pair of boots "Oxzyff" {Will- rCorr Int+5
                  | Stlth+}
 12125 | Gauntlet | Reached skill level 17 in Dodging
 12268 | Gauntlet | Identified the +1 cloak of the Yeti {rN++ Str-4 Int+7}
 12306 | Gauntlet | Killed a five-headed hydra
 12307 | Gauntlet | Reached skill level 18 in Dodging
 12443 | Gauntlet | Identified the +8 lajatang "Ketet" {venom, *Rage rCorr
                  | Str+6 Int+2}
 12443 | Gauntlet | Noticed a minotaur
 12455 | Gauntlet | Demolished by a minotaur

Illustrated notes

Levels and vault maps discovered:
D:1:      dpeg_arrival_snail, layout_loops_corners
D:2:      layout_basic
D:3:      layout_loops_cross, gup_sewer_entry_bowl, serial_shops,
          shop_fountains, uniq_crazy_yiuf_cottage
D:4:      minmay_clustersquares, layout_basic, minitemple,
          kennysheep_generic_room_15, uniq_ijyb, uniq_eustachio
D:5:      gammafunk_steamed_eel, layout_loops_corners,
          nicolae_ru_the_path_less_chosen, minmay_temple_entry_oklob
D:6:      layout_loops_ring, lightli_temple_of_fire,
          hellmonk_ghost_happy_afterlife, serial_shops,
          nicolae_shop_behind_doors, minmay_misc_feat_iff, serial_park_tiny_1
D:7:      layout_basic, nicolae_wooded_promenade, corexii_leaking_fountain
D:8:      layout_layer_cave, serial_bayou_pond_d, grunt_ministairs_3
D:9:      layout_roguey, lair_entry_dummy, minmay_orc_entry_guard_dogs
D:10:     layout_basic, serial_glass, glass_columns_a, glass_columns_b
D:11:     layout_long_grid, gauntlet_entry_generic, uniq_erolcha
Temple:   nicolae_temple_x_marks_the_god
Gauntlet: gammafunk_gauntlet_mixed_choke_point
          [minmay_gauntlet_arena_77_two_paths, minmay_gauntlet_arena_77_path,
          minmay_gauntlet_arena_77_broken_ladder,
          gammafunk_gauntlet_arena_crates, minmay_gauntlet_arena_77_mess,
          minmay_gauntlet_arena_77_chump_sandwich,
          minmay_gauntlet_arena_77_braids, gauntlet_exit_watery]

Skill      XL: |  1  2  3  4  5  6  7  8  9 10 11 |
---------------+----------------------------------+-----
Long Blades    | 4 5 6 8 9 11 13 14 | 14.0
Dodging        | 10 15 18 | 18.4
Fighting       | |  2.1
Throwing       | |  2.1

Action                     |  1- 3 |  4- 6 |  7- 9 | 10-12 || total
---------------------------+-------+-------+-------+-------++-------
  Melee: Long sword        |   107 |   248 |   355 |   480 ||  1190
         Tailslap          |       |     7 |     1 |       ||     8
         Punch             |       |     3 |     6 |    12 ||    21
         Short sword       |       |       |    11 |    18 ||    29
         Scimitar          |       |       |       |     9 ||     9
  Throw: Javelin           |       |     1 |       |     1 ||     2
         Dart              |       |       |     1 |     1 ||     2
         Throwing net      |       |       |       |     1 ||     1
Ability: Lunge             |       |       |    16 |     9 ||    25
         Whirlwind         |       |       |     1 |    39 ||    40
  Evoke: Wand              |       |       |       |     2 ||     2
    Use: Scroll            |       |     1 |     1 |    14 ||    16
         Potion            |       |       |       |     2 ||     2
   Stab: Sleeping          |     1 |     2 |     2 |     1 ||     6
         Distracted        |       |       |     1 |       ||     1
         Held in net/web   |       |       |       |     4 ||     4
 Armour: Leather armour    |    34 |   114 |   110 |       ||   258
         Acid dragon scale |       |       |    25 |   109 ||   134
  Dodge: Dodged            |    69 |   244 |   250 |   372 ||   935

Table legend: (Time is in decaauts)
 A = Elapsed time spent in this place.
 B = Non-inter-level travel time spent in this place.
 C = Inter-level travel time spent in this place.
 D = Time resting spent in this place.
 E = Time spent auto-exploring this place.
 F = Levels seen in this place.
 G = Mean time per level.
                   A        B        C        D        E       F      G
               +--------+--------+--------+--------+--------+-----+--------+
         Total |  12150 |  11778 |    372 |   2337 |   6726 |  14 |  867.9 |
       Dungeon |  10793 |  10449 |    344 |   2281 |   6150 |  11 |  981.2 |
        Temple |     78 |     50 |     28 |      0 |     44 |   1 |   78.0 |
         Sewer |    627 |    627 |      0 |      0 |    368 |   1 |  627.0 |
      Gauntlet |    650 |    650 |      0 |     56 |    164 |   1 |  650.0 |
               +--------+--------+--------+--------+--------+-----+--------+

Top non-repeatable levels by time:
     D:8: 1655 daAuts
     D:3: 1607 daAuts
     D:7: 1398 daAuts
     D:6: 1337 daAuts
     D:5: 1287 daAuts
     D:1: 986 daAuts
     D:9: 728 daAuts
    D:10: 696 daAuts
Gauntlet: 650 daAuts
   Sewer: 627 daAuts
     D:2: 529 daAuts
     D:4: 461 daAuts
    D:11: 105 daAuts
  Temple: 78 daAuts
